[Event "*** Titled Tuesday Blitz"]
[Site "Chess.com"]
[Date "2021.03.16"]
[Round "4"]
[White "GoltsevDmitry2000"]
[Black "Beltraxtor"]
[Result "0-1"]
[WhiteElo "2818"]
[BlackElo "2608"]
[TimeControl "180+1"]
[EndTime "10:40:13 PDT"]
[Termination "Beltraxtor won on time"]

1. e4 e5 2. Nf3 Nf6 3. Nxe5 d6 4. Nc4 Nxe4 5. Nc3 Nxc3 6. bxc3 g6 7. d4 Bg7 8. Bd3 O-O 9. O-O c5 10. Bf4 d5 11.
Nd6 cxd4 12. cxd4 Nc6 13. c3 Qf6 14. Qd2 Rd8 15. Rfe1 g5 16. Nxb7 Bxb7 17. Bxg5 Qd6 18. Bxd8 Rxd8 19. Qg5 h6 20. Qf5 Bc8 21. Qh7+ Kf8 22.
Re3 Ne7 23. Rae1 Ng8 24. Rg3 Qxg3 25. hxg3 Nf6 26. Qxg7+ Kxg7 27. Re7 Rd7 28. Re5 Rc7 29. Bb5 Be6 30. Re3 Ne4 31. c4 Nd6 32. cxd5 Bxd5 33. Be2 f6 34. a3 Nf5 35. Rd3 Bc4 36. Rc3 Nd6 37. g4 Kf7 38. f4 Ke6 39. Kh2 Kd5 40.
Rc1 Kxd4 41. Bf3 Re7 42. Kg3 Bd3 43. Rh1 Ne4+ 44. Kh2 Ke3 45. Re1+ Kxf4 46. Rd1 Bc4 47. Rd4 Bf7 48. Ra4 Bg6 49. Ra6 Kg5 50. Ra5+ Re5 51. Rxa7 Nd2 52. Bc6 Kxg4 53. Ra4+ Kg5 54. Rd4 Ne4 55.
a4 f5 56. Bb5 Nc3 57. Bc6 f4 58. Rc4 Ne2 59. Bf3 Ng3 60. Rc1 Bf5 61. Ra1 Ra5 62.
Bc6 h5 63. Rd1 h4 64. Rd8 Rc5 65. Rg8+ Kf6 66. Rf8+ Kg7 0-1

[Event "*** Titled Tuesday Blitz"]
[Site "Chess.com"]
[Date "2021.03.16"]
[Round "4"]
[White "NiranjanNavalgund"]
[Black "ChessQueen"]
[Result "1-0"]
[WhiteElo "2516"]
[BlackElo "2707"]
[TimeControl "180+1"]
[EndTime "10:40:14 PDT"]
[Termination "NiranjanNavalgund won on time"]

1. e4 c6 2. Nc3 d5 3. Nf3 dxe4 4. Nxe4 Nf6 5. Qe2 Nxe4 6. Qxe4 Nd7 7. Bc4 Nf6 8. Ne5 e6 9. Qh4 Qa5 10. Nf3 Be7 11. O-O O-O 12. d3 b5 13. Bb3 Bb7 14.
Bd2 Qb6 15. Ng5 c5 16. Bc3 h6 17. Nf3 Bxf3 18. gxf3 Qc6 19. a4 b4 20. Bxf6 Bxf6 21. Qe4 Qxe4 22. fxe4 Bxb2 23. Rad1 Bd4 24. Kh1 g6 25. f4 Kg7 26. Rf3 Rad8 27. Rdf1 Bc3 28. Rg3 Rd6 29. h4 h5 30. Kg2 Rfd8 31. Kh3 Rd4 32.
f5 exf5 33. exf5 R8d7 34. Rgf3 a5 35. fxg6 fxg6 36. Rf7+ Kh6 37. Rf8 Rg4 38. Re8 Rc7 39.
Rff8 Bg7 40. Rf3 Rd4 41. Re6 Rg4 42. Ra6 Rd7 43. Be6 Rdd4 44. Rg3 Rxg3+ 45. Kxg3 Be5+ 46. Kh3 Kg7 47. Rxa5 Bf6 48. Ra7+ Kh6 49. Rf7 Rxh4+ 50. Kg3 Bg5 51. a5 Rh1 52. Ra7 Ra1 53. Bg8 Be3 54.
Kf3 Bd4 55. a6 h4 56. Rh7+ Kg5 57. a7 b3 58. Bxb3 c4 59. Bxc4 Rxa7 60. Rxa7 Bxa7 61.
Be6 Bb8 62. Bh3 Be5 63. c4 Kf6 64. Ke4 Bc7 65. d4 Ke7 66. Kd5 Bg3 67. Kc6 Kd8 68. d5 g5 69. c5 Bf2 70. d6 Be3 71. Kd5 Bd2 72. c6 Ba5 73. Kc5 g4 74. Bxg4 h3 75. Bxh3 1-0

[Event "*** Titled Tuesday Blitz"]
[Site "Chess.com"]
[Date "2021.03.16"]
[Round "4"]
[White "novocane"]
[Black "lagedema"]
[Result "1/2-1/2"]
[WhiteElo "2262"]
[BlackElo "2452"]
[TimeControl "180+1"]
[EndTime "10:40:14 PDT"]
[Termination "Game drawn by agreement"]

1. d4 d5 2. c4 c6 3. cxd5 cxd5 4. Bf4 Nf6 5. Nc3 Nc6 6. e3 Bf5 7. Qb3 Na5 8. Bb5+ Bd7 9. Qa4 Nc6 10. Nf3 a6 11. Bxc6 Bxc6 12. Qb3 e6 13. Ne5 Bd6 14. Nxc6 bxc6 15. Qb7 O-O 16. Qxc6 Bxf4 17. exf4 Rb8 18.
Rb1 Qa5 19. O-O Rfc8 20. Qa4 Qxa4 21. Nxa4 Rc4 22. Nc5 Rxd4 23. Nxa6 Ra8 24. Rfc1 h5 25. Rc6 Rxf4 26. b4 Ng4 27. b5 Ne5 28. Rc2 Rc4 29.
Rcb2 Nd3 30. Rd2 Nc5 31. Nxc5 Rxc5 32. b6 Rb8 33. Rdb2 Kf8 34. h3 Ke7 35. a4 Ra5 36.
Rb4 Kd6 37. g3 Rb7 38. Kg2 g5 39. Kf3 e5 40. Ke3 f5 41. Kd3 Kc6 42. Kc3 Rc5+ 43.
Kd3 d4 44. f4 Rc3+ 45. Kd2 Rxg3 46. fxe5 Rxh3 47. a5 Ra3 48. Rxd4 Rxa5 49. Rd6+ Kc5 50. Rf6 Kd4 51. Rxf5 Ra2+ 52. Kd1 Ke4 53. Rxg5 Rf7 54. Rg1 Rd7+ 55. Ke1 Rb7 56. Rh1 Rxb6 57. Rxb6 Ra1+ 58. Kf2 Rxh1 59. e6 Rh2+ 60. Kg3 Re2 61. e7 Kf5 62.
Rh6 Kg5 63. Rh7 Re3+ 64. Kf2 Re6 65. Kg3 h4+ 66. Kf3 Re1 67. Kf2 Re5 68. Kg2 Kg4 69.
Rg7+ Kh5 70. Rh7+ Kg5 71. Rg7+ Kf6 72. Rh7 Re4 73. Kh3 Kg5 74. Rg7+ Kh6 75. Rf7 Kg6 76. Rf8 Rxe7 77. Kxh4 1/2-1/2

[Event "*** Titled Tuesday Blitz"]
[Site "Chess.com"]
[Date "2021.03.16"]
[Round "4"]
[White "vugarrasulov"]
[Black "vovachesss"]
[Result "1/2-1/2"]
[WhiteElo "2845"]
[BlackElo "2755"]
[TimeControl "180+1"]
[EndTime "10:40:16 PDT"]
[Termination "Game drawn by repetition"]

1. e4 e5 2. Nf3 d6 3. d4 Nd7 4. Nc3 Be7 5. Bc4 c6 6. dxe5 dxe5 7.
Ng5 Bxg5 8. Qh5 Qe7 9. Bxg5 Ngf6 10.
Qe2 Nc5 11. a4 Be6 12. O-O O-O 13. a5 Rad8 14. Rfd1 b5 15. axb6 axb6 16. b4 Bxc4 17.
Qxc4 Ne6 18. Bxf6 Qxf6 19. Rxd8 Nxd8 20. b5 Qd6 21. Rd1 Qe6 22. Qxe6 Nxe6 23. bxc6 Rc8 24.
Nd5 Kf8 25. c7 Nxc7 26. Nxb6 Re8 27. Nd7+ Kg8 28. c4 f6 29. f3 Ne6 30. Nb6 Nd4 31. c5 Re6 32. Kf2 Rc6 33. Rc1 Nb3 34. Rc3 Nxc5 35.
Nd5 Kf7 36. Ke3 Ke6 37. Nb4 Rc8 38. g3 Kd6 39. Nd3 Rc7 40. Nb2 Ne6 41. Rxc7 Nxc7 42. f4 Ke6 43. Nc4 exf4+ 44. gxf4 g6 45. Kd4 Nb5+ 46.
Kd3 h6 47. Ne3 Nd6 48. Kd4 h5 49. h3 Nb5+ 50. Kc4 Nd6+ 51. Kd3 g5 52. Nd5 gxf4 53. Nxf4+ Ke5 54. Ng6+ Ke6 55. Ke3 f5 56. e5 Nc4+ 57.
Kf4 h4 58. Nf8+ Kf7 59. Nd7 Ke6 60. Nc5+ Kd5 61. Nd7 Ke6 62. Nf8+ Kf7 63. Nh7 Kg6 64. Nf6 Nb6 65. Ne8 Nd5+ 66. Kf3 Ne7 67. Nd6 Nd5 68. Nb7 Kg5 69. Nc5 Kg6 70. Nd3 Kf7 71. Nc5 Ke7 72. Kf2 Kf7 73. Ke2 Ke7 74. Kf3 Kf7 75.
Kf2 Ke7 76. Kf3 Kf7 77. Kf2 Ke7 78. Kf3 1/2-1/2

[Event "*** Titled Tuesday Blitz"]
[Site "Chess.com"]
[Date "2021.03.16"]
[Round "4"]
[White "ViktoriyaTarasova"]
[Black "bait_or_mate"]
[Result "0-1"]
[WhiteElo "2350"]
[BlackElo "2502"]
[TimeControl "180+1"]
[EndTime "10:40:19 PDT"]
[Termination "bait_or_mate won by resignation"]

1. d4 Nf6 2. c4 e6 3. Nc3 Bb4 4. Nf3 O-O 5. Bg5 h6 6. Bh4 c5 7. Rc1 cxd4 8. Nxd4 Nc6 9. e3 Ne5 10.
Be2 Ng6 11. Bg3 d5 12. O-O dxc4 13. Bxc4 Bd7 14. Ndb5 Bc6 15. a3 Bxc3 16. Nxc3 Qa5 17. Qe2 Rfd8 18. Rfd1 Nh5 19. Bd6 Qg5 20. f4 Qh4 21.
Qf2 Qxf2+ 22. Kxf2 Nf6 23. h3 Rd7 24. Bb4 Rad8 25.
Rxd7 Rxd7 26. Rd1 Ne4+ 27. Ke1 Rxd1+ 28. Nxd1 b6 29. Kf1 Nh4 30. Be1 Nxg2 31. Kxg2 Nd6+ 32. Kf1 Nxc4 33. Bc3 g5 34. fxg5 hxg5 35. Kf2 f5 36. Ke2 Kf7 37. Nf2 Bb5 38. Kf3 Kg6 39. Nd3 Kh5 40. Ne5 Nd6 41. Be1 Ba6 42. b3 Bb7+ 43. Ke2 Bd5 44. b4 Ne4 45. Kf1 g4 46. hxg4+ fxg4 47. Kg1 Nd6 48. Nd7 Nc4 49. a4 Nxe3 50.
Nf6+ Kg5 51. Ne8 Bc6 52. Nd6 Nd5 53. Bd2+ Kf6 54. b5 Bd7 55. Ne4+ Ke5 56. Nf2 Kf5 57. Nd3 e5 58. Kf2 Nf6 59. Ke3 Ne4 60. Be1 Nd6 61.
Nb4 Nc4+ 62. Kf2 Nb2 63. Nd5 Nxa4 64. Ne7+ Ke6 65. Nc6 Bxc6 66. bxc6 Kd6 67. c7 Kxc7 68. Bd2 Kd6 69. Be3 Ke6 70. Kg3 Kf5 71. Bd2 Nc5 72. Be3 Ne4+ 73. Kg2 Nc3 74. Bc1 Nd5 75. Be3 a5 76. Bd2 a4 77. Bc1 b5 78. Ba3 b4 79.
Bb2 a3 80. Ba1 b3 81. Kf2 b2 82. Bxb2 axb2 0-1

[Event "*** Titled Tuesday Blitz"]
[Site "Chess.com"]
[Date "2021.03.16"]
[Round "4"]
[White "karinachess1"]
[Black "rachidhuilda"]
[Result "1-0"]
[WhiteElo "2516"]
[BlackElo "2302"]
[TimeControl "180+1"]
[EndTime "10:40:28 PDT"]
[Termination "karinachess1 won on time"]

1. c4 c6 2. Nf3 d5 3. e3 Nf6 4. Qc2 g6 5. b3 Bg7 6. Bb2 Bf5 7.
d3 Nbd7 8. Nd4 e5 9. Nxf5 gxf5 10. Be2 Qe7 11. O-O O-O 12. cxd5 Nxd5 13. Nc3 Rac8 14.
Rac1 Nb4 15. Qb1 Rfd8 16. a3 Nd5 17. Bf3 N7b6 18. Rfd1 Nxc3 19. Bxc3 Rd7 20. b4 Rcd8 21. Be2 Na4 22. Ba1 Nb6 23. Qb3 Qe6 24. Qc2 h6 25. a4 Nd5 26. Rb1 a6 27. b5 axb5 28. axb5 Rc8 29.
Qb3 Ne7 30. Qxe6 fxe6 31. bxc6 Nxc6 32. Rb5 Rcc7 33. Rdb1 Kf7 34. g3 Ke7 35. Kg2 Kd6 36.
Bb2 Ke7 37. Ba3+ Kf7 38. Bh5+ Kg8 39. Be2 Rd5 40. Bc5 Rcd7 41. Bb6 Rxb5 42. Rxb5 Rd5 43. Rb1 Kf7 44. h4 Rd7 45. Kf1 Bf8 46. Ke1 Bd6 47. Kd2 Be7 48. Kc2 Bd8 49. Bxd8 Nxd8 50. Bh5+ Ke7 51.
Bf3 Nc6 52. Kc3 Kd6 53. Rb6 Rc7 54. Kd2 Kd7 55. Rb5 Kd6 56. h5 Rd7 57. Ke2 Rc7 58. Bg2 Rd7 59. f3 Rc7 60. g4 Rd7 61. gxf5 exf5 62.
f4 exf4 63. Rxf5 Re7 64. Rxf4 Ne5 65. Rf6+ Re6 66. Rxe6+ Kxe6 67. Bxb7 Ng4 68. Bf3 Ne5 69. d4 Nf7 70. Kd3 Ng5 71. Bg4+ Kf6 72. e4 Nf7 73. Ke3 Kg5 74. Bd1 Nd6 75. e5 Ne8 76.
Ke4 Ng7 77. d5 Nxh5 78. Bxh5 Kxh5 79. d6 Kg6 80. d7 1-0

[Event "*** Titled Tuesday Blitz"]
[Site "Chess.com"]
[Date "2021.03.16"]
[Round "4"]
[White "IAgrest"]
[Black "ShahMatKanal"]
[Result "1-0"]
[WhiteElo "2314"]
[BlackElo "2467"]
[TimeControl "180+1"]
[EndTime "10:40:29 PDT"]
[Termination "IAgrest won by resignation"]

1. e4 c5 2. Nf3 e6 3. d4 cxd4 4. Nxd4 a6 5. Bd3 d6 6. c4 Nf6 7.
Nc3 Be7 8. O-O O-O 9. b3 b6 10. Bb2 Bb7 11. Rc1 Nbd7 12. f3 d5 13. cxd5 exd5 14. exd5 Nxd5 15. Nxd5 Bxd5 16. Kh1 Bf6 17.
Bb1 Ne5 18. Nf5 Be6 19. Nd4 Bd7 20. Qe2 Re8 21. Rfe1 Ng6 22. Qc2 Rxe1+ 23. Rxe1 Rc8 24. Qd3 b5 25. h3 Qf8 26. a3 Rd8 27. Qc2 Re8 28.
Rxe8 Qxe8 29. Qe4 Qc8 30. Bd3 h5 31. Kh2 h4 32. Kh1 Qc7 33. Kg1 Qg3 34. Bc3 Be5 35. Ne2 Qh2+ 36. Kf2 Bg3+ 37. Ke3 Qxg2 38. Qa8+ Kh7 39. Qe4 Bf2+ 40. Kd2 Qg5+ 41. Kc2 Qh5 42. Nf4 Qh6 43. Nxg6 fxg6 44. Qe7 Bf5 45. Bxf5 gxf5 46. Be5 Bg3 47. Bc3 Qg6 48. Qf8 f4+ 49. Kb2 a5 50. Qe7 b4 51. axb4 axb4 52. Qxb4 Bf2 53. Qe7 Bg3 54. Qe5 Qh6 55. Qf5+ Qg6 56. Qe5 Kh6 57. Qe7 Qh5 58. Qf8 Qg6 59. Qh8+ Kg5 60. Qxg7 Qxg7 61.
Bxg7 Bf2 62. Kc3 Bb6 63. Kc4 Kf5 64. Bd4 Ba5 65. b4 Bd8 66. b5 Ke6 67. b6 Kd6 68. Kd3 Kd5 69. Bf2 Be7 70. b7 Kc6 71. b8=Q Kd7 72. Qxf4 Ke6 73. Bxh4 Kd7 74. Bxe7 Kc6 75. Qe5 Kd7 76. Qd6+ Ke8 77. Qd8+ Kf7 78. Bb4 Kg7 79. h4 Kh6 80. h5 Kxh5 81. Qg8 Kh4 82. f4 Kh3 83. f5 Kh2 84. f6 Kh1 85. f7 Kh2 86. f8=Q Kh3 87. Qf3+ 1-0

[Event "*** Titled Tuesday Blitz"]
[Site "Chess.com"]
[Date "2021.03.16"]
[Round "4"]
[White "AlexPapasimakopoulos"]
[Black "sergoy"]
[Result "1-0"]
[WhiteElo "2618"]
[BlackElo "2874"]
[TimeControl "180+1"]
[EndTime "10:40:33 PDT"]
[Termination "AlexPapasimakopoulos won by resignation"]

1. d4 Nf6 2. c4 e6 3. Nc3 Bb4 4. Qc2 d5 5. cxd5 exd5 6. Bg5 h6 7.
Bh4 g5 8. Bg3 Nc6 9. e3 h5 10. Bb5 Ne4 11. f3 Nxg3 12. hxg3 Qd6 13. Ne2 Bd7 14. g4 h4 15. O-O-O a6 16. Bd3 O-O-O 17.
a3 Bxc3 18. Nxc3 Be6 19. Kb1 Na5 20. Na4 Nc4 21. Bxc4 dxc4 22. Nc5 b6 23. Nxa6 h3 24.
Rxh3 Rxh3 25. gxh3 Qg3 26. Qe4 Bd5 27. Qf5+ Kb7 28.
Nb4 Bxf3 29. Rc1 Qxh3 30. Qxg5 Rd6 31. Qf4 b5 32. g5 Bg2 33. Qe5 Qd7 34. a4 Re6 35. Qc5 Rxe3 36. axb5 Re8 37. Rxc4 Be4+ 38. Kc1 Ra8 39. Nc6 Bd5 40. Rc3 Qd6 41. Qxd6 cxd6 42.
Ne7 Be4 43. Re3 d5 44. Rc3 Kb6 45. Rc5 Rh8 46. Nxd5+ Bxd5 47. Rxd5 Rh2 48. Kb1 Rd2 49. Ka2 Rd3 50. b3 Ka5 51. Ka3 Rg3 52. b6+ Kxb6 53.
Kb4 Rg4 54. Kc4 Kc6 55. Rf5 Kd6 56. Rf6+ Ke7 57. Rf5 Ke6 58. Re5+ Kd6 59. b4 Rg1 60. Rf5 Rc1+ 61. Kb5 Ke6 62. Re5+ Kd6 63. Rf5 Ke6 64. Rf6+ Ke7 65. d5 Rd1 66. d6+ Ke8 67. Kc6 Rc1+ 68.
Kb6 Rd1 69. b5 Kd7 70. Kb7 Rd5 71. b6 Rxg5 72. Rxf7+ Kxd6 73. Ka7 Ra5+ 74. Kb8 Rb5 75. b7 Rb1 76. Rf2 Kc6 77. Rc2+ Kd7 78. Ra2 Rb3 79. Ka7 1-0

[Event "*** Titled Tuesday Blitz"]
[Site "Chess.com"]
[Date "2021.03.16"]
[Round "4"]
[White "Paladin61"]
[Black "ChessWarrior7197"]
[Result "1-0"]
[WhiteElo "2780"]
[BlackElo "2906"]
[TimeControl "180+1"]
[EndTime "10:40:42 PDT"]
[Termination "Paladin61 won by checkmate"]

1. b3 Nf6 2. Bb2 b6 3. Nf3 Bb7 4. g3 g6 5. Bg2 Bg7 6. O-O O-O 7. c4 d6 8. d4 Ne4 9. Nfd2 d5 10. cxd5 Nxd2 11. Nxd2 Bxd5 12. e4 Bb7 13. Nc4 Nd7 14. Rc1 Rc8 15. Qe2 Ba6 16. Rfd1 e6 17. d5 exd5 18. Rxd5 Qe7 19. Bxg7 Kxg7 20. Qb2+ Kg8 21. Rcd1 Nc5 22. Ne5 Bb7 23. Rxc5 b5 24. b4 Rfd8 25. Qc1 Rxd1+ 26. Qxd1 Rd8 27. Qc2 Qf6 28. h4 c6 29.
Ng4 Qd4 30. a3 Qa1+ 31. Kh2 Qxa3 32. Qc3 Qxc3 33. Rxc3 Kf8 34. e5 Rd4 35. Nf6 Rxb4 36.
Bxc6 Bxc6 37. Rxc6 Rc4 38. Ra6 Ke7 39. Rxa7+ Ke6 40.
f4 h5 41. Ra6+ Kf5 42. Rb6 Rc2+ 43. Kh3 Rb2 44. Nd5 Ke4 45. Nc3+ Kf3 46. Rxb5 Rc2 47. Rb3 Ke3 48. Nd5+ Kf2 49. Nc3 Ke3 50. Ra3 Kf3 51.
Nb5+ Kf2 52. Nc3 Kf3 53. Nd5+ Kf2 54. Rc3 Rd2 55. Nb4 Rd1 56. Rc2+ Kf3 57. Kh2 Kg4 58. Na2 Rd3 59. Rg2 Rb3 60. Nc1 Re3 61. Ne2 Kf3 62. Nd4+ Kg4 63. Nc6 Rd3 64. e6 f6 65. Ne5+ fxe5 66.
e7 exf4 67. gxf4+ Kf3 68. e8=Q Rd2 69. Qc6+ Kxf4 70. Rxd2 g5 71. Qc4+ Kf3 72. Qd3+ Kf4 73. Rf2+ Ke5 74. Qg3+ Ke4 75. Qxg5 Kd3 76. Qf4 Kc3 77.
Rd2 Kb3 78. Qd4 Ka3 79. Qb2+ Ka4 80. Rd4+ Ka5 81. Rb4 Ka6 82. Qa3# 1-0

[Event "*** Titled Tuesday Blitz"]
[Site "Chess.com"]
[Date "2021.03.16"]
[Round "4"]
[White "Soltan49"]
[Black "guillembaches"]
[Result "1/2-1/2"]
[WhiteElo "2222"]
[BlackElo "2475"]
[TimeControl "180+1"]
[EndTime "10:41:10 PDT"]
[Termination "Game drawn - insufficient material"]

1. b3 d6 2. d4 Nf6 3. Nf3 g6 4. Bb2 Bg7 5. e3 O-O 6. Nbd2 b6 7. Bd3 Bb7 8. c4 c5 9. d5 e5 10. dxe6 fxe6 11. Qc2 Nc6 12. a3 d5 13. cxd5 exd5 14. O-O Qe7 15. Rad1 Rae8 16. h3 a6 17. Nb1 b5 18. Nc3 Rd8 19. Rfe1 Rfe8 20. e4 d4 21. Nd5 Qd6 22. Nxf6+ Bxf6 23. Rc1 Ne5 24. Nxe5 Rxe5 25. f4 Rh5 26. e5 Bxe5 27. fxe5 Rxe5 28. Rxe5 Qxe5 29.
Qe2 Qd5 30. Re1 Rf8 31. Qe6+ Qxe6 32. Rxe6 Rc8 33. Bf1 Bd5 34. Rxa6 Bxb3 35. Bxb5 Rd8 36. Ra7 c4 37. Rc7 c3 38. Bc1 Rf8 39. Bc4+ Bxc4 40. Rxc4 Rd8 41. Kf2 d3 42. Rxc3 d2 43. Bxd2 Rxd2+ 44. Kf3 Ra2 45. Rc8+ Kg7 46. Rc7+ Kf6 47.
Ra7 h5 48. Ra6+ Kf5 49. h4 Ra1 50. Ra5+ Kf6 51. Kg3 Ra2 52. Ra6+ Kf5 53. Ra5+ Kf6 54. Ra4 Kf5 55. Kf3 Kf6 56. Ra8 Kf5 57. Rf8+ Ke6 58.
Ra8 Kf5 59. Ra6 Ra1 60. Kg3 Ra2 61. Kh3 Ra1 62. g3 Ra2 63. Ra7 Kf6 64. Ra6+ Kf5 65. Ra7 Kf6 66. Ra8 Kf5 67. Rf8+ Ke6 68. Rf3 Ke5 69. Rb3 Ke6 70. g4 hxg4+ 71. Kxg4 Kf6 72.
Rf3+ Kg7 73. Kg3 Ra1 74. Rb3 Ra2 75. Kg4 Kh6 76. Kg3 Ra1 77. Kh3 Rh1+ 78. Kg3 Ra1 79. Kf4 Rf1+ 80. Ke5 Rh1 81. Rb4 Ra1 82. a4 Kh5 83. Kd6 Rc1 84. a5 Ra1 85. Rb5+ Kxh4 86. Kc6 g5 87. Kb6 g4 88. Rb4 Kh3 89. a6 g3 90. Rb3 Rxa6+ 91. Kxa6 Kh2 92. Rb8 g2 93. Rh8+ Kg1 94. Rf8 Kh1 95. Rh8+ Kg1 96. Rg8 Kf2 97. Rxg2+ Kxg2 1/2-1/2

[Event "*** Titled Tuesday Blitz"]
[Site "Chess.com"]
[Date "2021.03.16"]
[Round "5"]
[White "BahadirOzen"]
[Black "Grieve72"]
[Result "1-0"]
[WhiteElo "2779"]
[BlackElo "2509"]
[TimeControl "180+1"]
[EndTime "10:48:46 PDT"]
[Termination "BahadirOzen won by resignation"]

1. g3 f5 2. f4 Nf6 3. Bg2 g6 4. Nf3 Bg7 5. O-O O-O 6. d3 Nc6 7. e4 d6 8. Nc3 e5 9. fxe5 dxe5 10. exf5 Be6 11. fxe6 1-0

[Event "*** Titled Tuesday Blitz"]
[Site "Chess.com"]
[Date "2021.03.16"]
[Round "5"]
[White "KyrgyzFighter"]
[Black "GigaQuparadze"]
[Result "0-1"]
[WhiteElo "2421"]
[BlackElo "2931"]
[TimeControl "180+1"]
[EndTime "10:48:54 PDT"]
[Termination "GigaQuparadze won by resignation"]

1. c4 c5 2. Nf3 Nc6 3. d4 cxd4 4. Nxd4 Nf6 5. Nc3 e6 6. a3 Bc5 7. Nb3 Be7 8. e4 O-O 9. Be2 Qc7 10. O-O a6 11. c5 d6 12. cxd6 Bxd6 13. h3 Bh2+ 14. Kh1 Be5 15. f4 Bxc3 16. bxc3 Nxe4 17. Qc2 Ng3+ 18. Kh2 Nxf1+ 19. Bxf1 e5 20. fxe5 Qxe5+ 21. Kh1 Bf5 22. Qb2 0-1

[Event "*** Titled Tuesday Blitz"]
[Site "Chess.com"]
[Date "2021.03.16"]
[Round "5"]
[White "Mikhail_Golubev"]
[Black "Schachmalanders"]
[Result "1-0"]
[WhiteElo "2545"]
[BlackElo "2359"]
[TimeControl "180+1"]
[EndTime "10:49:09 PDT"]
[Termination "Mikhail_Golubev won by resignation"]

1. e4 c5 2. Nf3 d6 3. d4 cxd4 4. Nxd4 Nf6 5. Nc3 a6 6. Bc4 e6 7. O-O Nbd7 8. Bxe6 fxe6 9. Nxe6 Qa5 10. Bd2 Nc5 11.
Nd5 1-0

[Event "*** Titled Tuesday Blitz"]
[Site "Chess.com"]
[Date "2021.03.16"]
[Round "5"]
[White "GameOverBro"]
[Black "MagzyPotato"]
[Result "1-0"]
[WhiteElo "2527"]
[BlackElo "2360"]
[TimeControl "180+1"]
[EndTime "10:49:12 PDT"]
[Termination "GameOverBro won by resignation"]

1. e4 c5 2. Ne2 Nc6 3. Nbc3 e5 4. Ng3 d6 5. Bc4 Nf6 6. d3 Be7 7. f4 exf4 8. Bxf4 Be6 9. O-O O-O 10. Qd2 Nd4 11. Bxe6 fxe6 12. e5 dxe5 13. Bxe5 Ng4 14.
Rxf8+ Bxf8 15. Bf4 Qd6 16. Bxd6 1-0

[Event "*** Titled Tuesday Blitz"]
[Site "Chess.com"]
[Date "2021.03.16"]
[Round "5"]
[White "Manukyan_Artak"]
[Black "bennyficial"]
[Result "1-0"]
[WhiteElo "2394"]
[BlackElo "2216"]
[TimeControl "180+1"]
[EndTime "10:50:33 PDT"]
[Termination "Manukyan_Artak won by resignation"]

1. e4 c5 2. Nf3 Nc6 3. c3 Nf6 4. e5 Nd5 5. d4 cxd4 6. cxd4 d6 7.
Nc3 Nxc3 8. bxc3 dxe5 9. d5 Nb8 10. Nxe5 Nd7 11. Bb5 a6 12. Qf3 Qa5 13. Bxd7+ Bxd7 14. Qxf7+ Kd8 15. O-O Qxc3 16. Bf4 Be8 17. Qe6 Qc8 18. Qb6+ Qc7 19. Nf7+ 1-0

[Event "*** Titled Tuesday Blitz"]
[Site "Chess.com"]
[Date "2021.03.16"]
[Round "5"]
[White "Leo_C"]
[Black "Matthew-Fishbein"]
[Result "0-1"]
[WhiteElo "2418"]
[BlackElo "2297"]
[TimeControl "180+1"]
[EndTime "10:50:39 PDT"]
[Termination "Matthew-Fishbein won by checkmate"]

1. d4 Nf6 2. c4 g6 3. f3 Bg7 4. e4 d6 5. Nc3 O-O 6. Be3 e5 7. Nge2 exd4 8. Nxd4 Nc6 9. Be2 Nxd4 10. Bxd4 Nh5 11.
Bxg7 Qh4+ 12. g3 Nxg3 13. Bxf8 Nxe4+ 14. Kf1 Qf2# 0-1

[Event "*** Titled Tuesday Blitz"]
[Site "Chess.com"]
[Date "2021.03.16"]
[Round "5"]
[White "abykhovsky"]
[Black "rpragchess"]
[Result "0-1"]
[WhiteElo "2653"]
[BlackElo "2912"]
[TimeControl "180+1"]
[EndTime "10:50:42 PDT"]
[Termination "rpragchess won by resignation"]

1. d4 Nf6 2. Nf3 g6 3. c4 Bg7 4. Nc3 d6 5. Bg5 O-O 6. e3 c6 7. Be2 Nbd7 8. O-O a6 9. Qc2 b5 10. b4 Bb7 11. Rfd1 bxc4 12. Bxc4 Nb6 13. Be2 Nfd5 14. Nxd5 cxd5 15. Nd2 Qd7 16. a4 Rfc8 17. Qa2 e5 18. dxe5 dxe5 19. Nb3 Qf5 20. Bh4 Rc2 0-1

[Event "*** Titled Tuesday Blitz"]
[Site "Chess.com"]
[Date "2021.03.16"]
[Round "5"]
[White "Taran2004"]
[Black "Sharpchess22"]
[Result "0-1"]
[WhiteElo "2436"]
[BlackElo "2728"]
[TimeControl "180+1"]
[EndTime "10:50:43 PDT"]
[Termination "Sharpchess22 won by resignation"]

1. e4 c6 2. d4 d5 3. e5 g6 4. Nf3 Bg7 5. Be2 Nh6 6. O-O f6 7. exf6 exf6 8. c4 O-O 9. cxd5 cxd5 10. Nc3 Nc6 11. Bf4 Nf5 12. Rc1 g5 13. Bg3 g4 14.
Ne1 Nfxd4 15. Bxg4 f5 16. Bf3 f4 17. Bxd5+ Kh8 18.
Bxf4 Rxf4 19. Nd3 Rf8 20. Qh5 Bf5 21. Nf4 Qd6 22. g3 Ne5 23. Rcd1 Bg4 24. Qh4 Nef3+ 0-1

[Event "*** Titled Tuesday Blitz"]
[Site "Chess.com"]
[Date "2021.03.16"]
[Round "5"]
[White "winniethepooh04"]
[Black "boasovietica"]
[Result "1-0"]
[WhiteElo "2271"]
[BlackElo "2441"]
[TimeControl "180+1"]
[EndTime "10:50:43 PDT"]
[Termination "winniethepooh04 won by resignation"]

1. d4 Nf6 2. Nf3 g6 3. Bf4 Bg7 4. e3 O-O 5. Be2 d6 6. h3 b6 7.
O-O Bb7 8. c4 Nbd7 9. Nc3 Ne4 10.
Nxe4 Bxe4 11. Nd2 Bb7 12. Bf3 Bxf3 13. Nxf3 Re8 14. Rc1 e5 15. Bh2 exd4 16. exd4 Qf6 17. Qd2 Rad8 18. Rfe1 Rxe1+ 19. Rxe1 c5 20. Bf4 Nb8 21.
Bg5 1-0

[Event "*** Titled Tuesday Blitz"]
[Site "Chess.com"]
[Date "2021.03.16"]
[Round "5"]
[White "renehp"]
[Black "QuintilianoR"]
[Result "0-1"]
[WhiteElo "2467"]
[BlackElo "2741"]
[TimeControl "180+1"]
[EndTime "10:51:30 PDT"]
[Termination "QuintilianoR won by resignation"]

1. e4 c5 2. Nf3 d6 3. d4 cxd4 4. Nxd4 Nf6 5. Nc3 a6 6. Be2 e5 7. Nb3 Be7 8. Be3 Be6 9. O-O O-O 10. Qd3 Nbd7 11. Nd5 Bxd5 12. exd5 Rc8 13. c4 Ne8 14. f4 f5 15. fxe5 Nxe5 16. Qd4 g6 17. Qf4 Ng7 18. Rac1 Bf6 19. Nd4 g5 20. Qf2 f4 21. Bd2 Qb6 22. Nf3 Nxf3+ 23. Bxf3 Bd4 0-1

[Event "*** Titled Tuesday Blitz"]
[Site "Chess.com"]
[Date "2021.03.16"]
[Round "5"]
[White "Kobalia"]
[Black "Slovak_fighter2000"]
[Result "1-0"]
[WhiteElo "2733"]
[BlackElo "2482"]
[TimeControl "180+1"]
[EndTime "10:51:39 PDT"]
[Termination "Kobalia won by resignation"]

1. e4 e6 2. d3 d5 3. Nd2 Nf6 4. Ngf3 c5 5. g3 Nc6 6. Bg2 Be7 7. O-O b6 8. Re1 Bb7 9. e5 Nd7 10. Nf1 Qc7 11. Qe2 h6 12. h4 O-O-O 13. N1h2 Rdg8 14.
Ng4 Kb8 15. c3 g5 16. h5 a5 17. d4 Ka7 18. Bf1 Qc8 19. Be3 Ba6 20. Qd1 Bxf1 21. Rxf1 c4 22. b3 b5 23. a4 Qa6 24. axb5 Qxb5 25.
bxc4 Qxc4 26. Nd2 Qa6 27. c4 Bb4 28. cxd5 exd5 29. Qf3 Bxd2 30. Bxd2 Rf8 31. Qxd5 1-0

[Event "*** Titled Tuesday Blitz"]
[Site "Chess.com"]
[Date "2021.03.16"]
[Round "5"]
[White "alejogarcia1999"]
[Black "Soltan49"]
[Result "1-0"]
[WhiteElo "2503"]
[BlackElo "2219"]
[TimeControl "180+1"]
[EndTime "10:51:42 PDT"]
[Termination "alejogarcia1999 won by resignation"]

1. d4 Nf6 2. c4 e6 3. Nc3 Bb4 4.
e3 d5 5. Nf3 Bxc3+ 6. bxc3 O-O 7. Bd3 b6 8. O-O Ba6 9. Qe2 dxc4 10. Bxc4 Bxc4 11. Qxc4 Nbd7 12. Ba3 Re8 13. Qc6 Nb8 14. Qxa8 Qd7 15. Qxa7 Ne4 16. Bb4 Qb5 17. Qxc7 Na6 18. Qe5 Qc6 19. a4 Nc7 20. Rfd1 Nd5 21. Qxe4 1-0

[Event "*** Titled Tuesday Blitz"]
[Site "Chess.com"]
[Date "2021.03.16"]
[Round "5"]
[White "Dave_ChessMate"]
[Black "Darius321"]
[Result "0-1"]
[WhiteElo "2404"]
[BlackElo "2285"]
[TimeControl "180+1"]
[EndTime "10:51:49 PDT"]
[Termination "Darius321 won by resignation"]

1. e4 e5 2. Nf3 Nc6 3. Bc4 Bc5 4. c3 Nf6 5. d4 exd4 6. e5 d5 7. Bb5 Ne4 8. cxd4 Bb4+ 9. Bd2 Nxd2 10. Nbxd2 O-O 11. O-O Bg4 12. Bxc6 bxc6 13. Rc1 Bxd2 14. Qxd2 Bxf3 15. gxf3 f6 16. f4 fxe5 17. fxe5 Qh4 18. f4 Rf5 19. Rxc6 Raf8 20. Qf2 Rxf4 21. Qg2 Rxf1+ 22. Qxf1 Qxd4+ 0-1

[Event "*** Titled Tuesday Blitz"]
[Site "Chess.com"]
[Date "2021.03.16"]
[Round "5"]
[White "IsaacWiebe"]
[Black "Chigorinetz"]
[Result "0-1"]
[WhiteElo "2258"]
[BlackElo "2504"]
[TimeControl "180+1"]
[EndTime "10:52:15 PDT"]
[Termination "Chigorinetz won by resignation"]

1. d4 d5 2. c4 Nc6 3. Nf3 Bg4 4. cxd5 Bxf3 5. gxf3 Qxd5 6. e3 e5 7. Nc3 Bb4 8. Bd2 Bxc3 9. bxc3 Qd6 10. Qb3 O-O-O 11.
Rb1 b6 12. Qxf7 Nf6 13. Bh3+ Kb8 14. Qe6 Qxe6 15. Bxe6 exd4 16. cxd4 Nxd4 17. exd4 Rhe8 18. Be3 Rxe6 19. O-O Nd5 20. Rfe1 Rde8 21. Rb3 Kb7 22. a4 a5 23. Kf1 Rf8 24. Ke2 Rf5 25. Rg1 g5 26. Rb5 Nc3+ 0-1